 Dungeon Crawl Stone Soup version 0.27-a0-1191-g601b473118 (webtiles) character file.

Game seed: 12034551423316066078

70 wakim the Cudgeller (level 4, -3/38 HPs)
             Began as a Minotaur Gladiator on May 25, 2021.
             Slain by a gnoll
             ... wielding a +0 halberd
              (10 damage)
             ... on level 3 of the Dungeon.
             The game lasted 00:02:56 (2508 turns).

wakim the Cudgeller (Minotaur Gladiator)            Turns: 2508, Time: 00:02:57

Health: -3/38      AC:  4    Str: 20    XL:     4   Next: 4%
Magic:  3/3        EV: 12    Int:  5    God:
Gold:   137        SH:  5    Dex: 11    Spells: 3/3 levels left

rFire    . . .     SeeInvis .   a - +1 flail
rCold    . . .     Faith    .   (no shield)
rNeg     . . .     Spirit   .   b - +0 leather armour
rPois    .         Reflect  +   c - +1 hat
rElec    .         Harm     .   (no cloak)
rCorr    .         Rampage  .   (no gloves)
Will     .....                  (no boots)
Stlth    +.........             h - amulet of reflection
HPRegen  0.12/turn              (no ring)
MPRegen  0.08/turn              (no ring)

@: no status effects
A: horns 2, retaliatory headbutt
a: no special abilities


You were on level 3 of the Dungeon.
You visited 1 branch of the dungeon, and saw 3 of its levels.

You collected 137 gold pieces.

Inventory:

Hand Weapons
 a - a +1 flail (weapon)
Missiles
 d - 3 throwing nets (quivered) {=f!f}
Armour
 b - a +0 leather armour (worn)
 c - a +1 hat (worn)
Jewellery
 h - an amulet of reflection (around neck)
Potions
 e - a potion of magic {unknown}
 f - a potion of haste {unknown}
 g - a potion of resistance {unknown}
 i - 2 potions of curing {unknown}


   Skills:
 + Level 3.0 Fighting
 * Level 4.5 Maces & Flails
 - Level 2.0 Throwing
 * Level 2.4 Armour
 + Level 3.6 Dodging


You had 3 spell levels left.
You didn't know any spells.
Your spell library contained the following spells:

 Spells                   Type           Power      Damage    Failure   Level
 Confusing Touch          Hex            0%         N/A       88%         3
 Gell's Gravitas          Tloc           0%         N/A       88%         3
 Petrify                  Tmut/Erth      0%         N/A       99%         4
 Metabolic Englaciation   Hex/Ice        0%         N/A       100%        5
 Yara's Violent Unravell  Hex/Tmut       0%         3d3       100%        5


Dungeon Overview and Level Annotations

Branches:
Dungeon (3/15)

Altars:

Annotations:
D:3 Natasha


Innate Abilities, Weirdness & Mutations

You have a pair of horns on your head.
You reflexively headbutt those who attack you in melee.


Message History

You sock the orc!
You kill the orc!
No target in view!
A kobold comes into view. It is wielding a +0 short sword.
A kobold is nearby!
A gnoll comes into view. It is wielding a +0 halberd.
The kobold shouts!
The gnoll shouts!
You hear a shout!
A kobold comes into view. It is wielding a +0 short sword.
Natasha, Servant of Life and Death comes into view.
The gnoll moves out of view.
You block the kobold's attack.
You hit the kobold.
The kobold is moderately wounded.
The kobold hits you with a +0 short sword.
The kobold hits you but does no damage.
You barely miss the kobold. Your headbutt misses the kobold.
The kobold is moderately wounded.
Natasha stares at you and mumbles some strange words.
The magic dart hits you.
The kobold hits you with a +0 short sword.
You hit the kobold but do no damage.
The kobold is moderately wounded.
Natasha growls.
The kobold closely misses you. You furiously retaliate!
You headbutt the kobold, but do no damage.
Natasha claws you.
You closely miss the kobold.
The kobold is moderately wounded.
The kobold hits you with a +0 short sword.
The gnoll misses you. Natasha misses you.
You thump the kobold!
You kill the kobold!
The gnoll hits you from afar with a +0 halberd!
* * * LOW HITPOINT WARNING * * *
Natasha claws you.
* * * LOW HITPOINT WARNING * * *
You thump Natasha!
Natasha is heavily wounded.
The gnoll hits you from afar with a +0 halberd!
You die...

# . .K. # #.. #.. .h##
... #####.# #.# ##.#
......##.#####g###....#
########.......h@).#
##### ######.#####
....# #.# ....# #.#
...(##########.#
...............#
....############ ....#
....#


You could see Natasha and a gnoll.

Vanquished Creatures
  2 adders
  3 dart slugs
  An orc (D:3)
  8 ball pythons
  A bat (D:1)
  5 endoplasms
  A giant cockroach (D:2)
  5 hobgoblins
  3 jackals (D:2)
  A quokka (D:2)
  3 frilled lizards
  3 goblins
  3 kobolds
  3 rats (D:1)
42 creatures vanquished.

Notes
Turn   | Place    | Note
-------+----------+-------------------------------------------
     0 | D:1      | wakim the Minotaur Gladiator began the quest for the Orb.
     0 | D:1      | Reached XP level 1. HP: 18/18 MP: 0/0
   289 | D:1      | Reached skill level 1 in Armour
   380 | D:1      | Reached XP level 2. HP: 25/25 MP: 1/1
   630 | D:1      | Reached skill level 4 in Maces & Flails
  1576 | D:2      | Reached XP level 3. HP: 30/30 MP: 2/2
  2237 | D:3      | Found a faded altar of an unknown god.
  2444 | D:3      | Reached XP level 4. HP: 37/38 MP: 3/3
  2501 | D:3      | Noticed Natasha
  2508 | D:3      | Slain by a gnoll

Illustrated notes

Levels and vault maps discovered:
D:1:      eino_arrival_cavern_c, layout_loops_corners, dk_noncrumbling_4,
          patterned_corridor
D:2:      layout_rooms
D:3:      minmay_bubble_buster, layout_loops_ring, zin_statuary,
          shapermc_ecumenical_altar_starsandcircs, minmay_strange_pillars,
          minmay_misc_feat_nine_boxes, hangedman_decor_points,
          kennysheep_cluttered_room, uniq_natasha

Skill      XL: |  1  2  3 |
---------------+----------+-----
Armour         | 1 2 |  2.4
Maces & Flails | 4 |  4.5
Fighting       | 3 |  3.0
Throwing       | |  2.0
Dodging        | |  3.6

Action                   |  1- 3 |  4- 6 || total
-------------------------+-------+-------++-------
Melee: Flail             |    77 |     8 ||    85
       Headbutt          |    10 |     1 ||    11
  Use: Scroll            |     7 |       ||     7
Armor: Leather armour    |    20 |     1 ||    21
Dodge: Dodged            |    50 |     3 ||    53
Block: Other             |     4 |     1 ||     5

Table legend: (Time is in decaauts)
 A = Elapsed time spent in this place.
 B = Non-inter-level travel time spent in this place.
 C = Inter-level travel time spent in this place.
 D = Time resting spent in this place.
 E = Time spent auto-exploring this place.
 F = Levels seen in this place.
 G = Mean time per level.
                   A        B        C        D        E       F      G
               +--------+--------+--------+--------+--------+-----+--------+
         Total |   2523 |   2459 |     64 |      0 |   2189 |   3 |  841.0 |
       Dungeon |   2523 |   2459 |     64 |      0 |   2189 |   3 |  841.0 |
               +--------+--------+--------+--------+--------+-----+--------+

Top non-repeatable levels by time:
     D:1: 1555 daAuts
     D:2: 606 daAuts
     D:3: 361 daAuts
